 Seeded DCSS version 0.28-a0-1199-gef9e1dbd39 (webtiles) character file.

Game seed: 4018878354053487559 (custom seed)

7 croobank the Skirmisher (level 1, 0/18 HPs)
             Began as a Demonspawn Monk on Dec 19, 2021.
             Slain by a rat (3 damage)
             ... on level 1 of the Dungeon.
             The game lasted 00:01:27 (351 turns).

croobank the Skirmisher (Demonspawn Monk)            Turns: 351, Time: 00:01:30

Health: 0/18       AC:  2    Str: 11    XL:     1   Next: 91%
Magic:  1/1        EV: 13    Int: 11    God:
Gold:   9          SH:  0    Dex: 15    Spells: 0/0 levels left

rFire   . . .      SeeInvis .   a - +0 spear
rCold   . . .      Faith    .   (no shield)
rNeg    . . .      Spirit   .   b - +0 robe
rPois   .          Reflect  .   (no helmet)
rElec   .          Harm     .   (no cloak)
rCorr   .          Rampage  .   (no gloves)
Will    .....                   (no boots)
Stlth   ++........              (no amulet)
HPRegen 0.06/turn               (no ring)
MPRegen 0.07/turn               (no ring)

@: no status effects
A: no striking features
a: no special abilities


You were on level 1 of the Dungeon.
You visited 1 branch of the dungeon, and saw 1 of its levels.

You collected 9 gold pieces.

Inventory:

Hand Weapons
 a - a +0 spear (weapon)
Missiles
 e - 29 stones (quivered)
Armour
 b - a +0 robe (worn)
Scrolls
 c - a scroll of identify {identify, unknown}


   Skills:
 + Level 3.1 Fighting
 + Level 2.8 Polearms
 + Level 2.8 Dodging
 + Level 2.0 Stealth


You couldn't memorise any spells.
You didn't know any spells.
Your spell library contained the following spells:

 Spells                   Type           Power      Damage    Failure   Level
 Slow                     Hex            0%         N/A       34%         1
 Confusing Touch          Hex            0%         N/A       71%         3
 Vampiric Draining        Necr           0%         2d6       71%         3


Dungeon Overview and Level Annotations

Branches:
Dungeon (1/15)

Altars:


Message History

The bat hits you. The bat barely misses you.
You hit the bat.
You kill the bat!
The bat hits you but does no damage.
Reach: a) +0 spear
Press: ? - help, Dir - move target, f - kobold
Aim: a kobold, wielding a +2 whip of freezing and quivering stones (about 44% to evade your +0 spear)
You reach to attack!
You closely miss the kobold. The bat closely misses you. The bat hits you.
You see here a bat corpse.
The bat barely misses you.
The kobold throws a stone.
The stone misses you. The bat hits you but does no damage.
The kobold misses you.
You closely miss the kobold.
The kobold hits you with a +2 whip of freezing.
The kobold freezes you.
You miss the kobold. The rat bites you.
* * * LOW HITPOINT WARNING * * *
The kobold barely misses you.
It was a potion of curing.
You feel better. The rat bites you.
The kobold hits you with a +2 whip of freezing.
The kobold freezes you.
You hit the kobold.
The kobold is moderately wounded.
The rat closely misses you. The kobold barely misses you.
You hit the kobold.
The kobold is heavily wounded.
The rat closely misses you. The kobold closely misses you.
You barely miss the kobold.
The kobold is heavily wounded.
The rat barely misses you.
Unknown command.
You hit the kobold but do no damage.
The kobold is heavily wounded.
The kobold hits you with a +2 whip of freezing.
* * * LOW HITPOINT WARNING * * *
The kobold freezes you.
* * * LOW HITPOINT WARNING * * *
The rat bites you.
You die...

.......... #..####.#..###.
......... #.....#.....##.
......... ...#..........
#....$..## #..####.......
.........# #..# #........
.........# #.###........
........†## #............
.........r#####............
........bK@......##........
#........##................
##..............###........
####....######## #........
#....# #........ #....#
######### #....


You could see a bat, a kobold and a rat.

Vanquished Creatures
  A bat (D:1)
  An endoplasm (D:1)
  A hobgoblin (D:1)
  2 kobolds (D:1)
  2 rats (D:1)
7 creatures vanquished.

Notes
Turn   | Place    | Note
-------+----------+-------------------------------------------
     0 | D:1      | croobank the Demonspawn Monk began the quest for the Orb.
     0 | D:1      | Reached XP level 1. HP: 18/18 MP: 1/1
   351 | D:1      | Slain by a rat

Illustrated notes

Levels and vault maps discovered:
D:1:      psy_arrival_conway, layout_rooms

Skill      XL: |  1 |
---------------+----+-----
Stealth        | 2 |  2.0
Fighting       | |  3.1
Polearms       | |  2.8
Dodging        | |  2.8

Action                   || total
-------------------------++-------
Melee: Spear             ||    40
  Use: Potion            ||     1
 Stab: Sleeping          ||     1
Armor: Robe              ||     6
Dodge: Dodged            ||    34

Table legend: (Time is in decaauts)
 A = Elapsed time spent in this place.
 B = Non-inter-level travel time spent in this place.
 C = Inter-level travel time spent in this place.
 D = Time resting spent in this place.
 E = Time spent auto-exploring this place.
 F = Levels seen in this place.
 G = Mean time per level.
                   A        B        C        D        E       F      G
               +--------+--------+--------+--------+--------+-----+--------+
         Total |    351 |    351 |      0 |    166 |    107 |   1 |  351.0 |
       Dungeon |    351 |    351 |      0 |    166 |    107 |   1 |  351.0 |
               +--------+--------+--------+--------+--------+-----+--------+

Top non-repeatable levels by time:
     D:1: 351 daAuts
